 Dungeon Crawl Stone Soup version 0.20.1-1-g8b1a95d (webtiles) character file.

4001 tirato the Spear-Bearer (level 10, 0/86 HPs)
             Began as a Green Draconian Wanderer on July 19, 2017.
             Was a Follower of Cheibriados.
             Slain by a two-headed hydra (6 damage)
             ... on level 6 of the Dungeon.
             The game lasted 00:38:36 (9670 turns).

tirato the Spear-Bearer (Green Draconian Wanderer)  Turns: 9670, Time: 00:38:37

Health: 0/86       AC:  9    Str: 19    XL:     10   Next: 3%
Magic:  19/19      EV: 14    Int: 18    God:    Cheibriados [*.....]
Gold:   336        SH:  0    Dex: 15    Spells: 17/21 levels left

rFire    . . .     SeeInvis .   s - +2 spear (vamp)
rCold    . . .     Gourm    .   (no shield)
rNeg     . . .     Faith    .   (armour unavailable)
rPois    +         Spirit   .   (helmet restricted)
rElec    .         Reflect  .   (no cloak)
rCorr    .         Harm     .   o - +0 pair of gloves
MR       .....                  n - +0 pair of boots
Stlth    +.........             (no amulet)
Regen    0.3/turn               y - +3 ring of evasion
MPRegen  0.2/turn               B - +5 ring of slaying

@: mighty, very slow
A: breathe noxious fumes, unfitting armour, poison resistance, cold-blooded, AC
+7
a: Breathe Noxious Fumes, Bend Time, Renounce Religion


You were on level 6 of the Dungeon.
You worshipped Cheibriados.
Cheibriados was aware of your devotion.
You were not hungry.

You visited 2 branches of the dungeon, and saw 9 of its levels.

You collected 336 gold pieces.

Inventory:

Hand Weapons
 b - a +2 blowgun
 c - a +0 spear
 s - a +2 vampiric spear (weapon)
Missiles
 a - 3 curare-tipped needles
 j - 192 stones (quivered)
 p - 7 needles of frenzy
 H - 24 poisoned needles
Armour
 n - a +0 pair of boots (worn)
 o - a +0 pair of gloves (worn)
Jewellery
 v - an uncursed ring of wizardry
 y - a +3 ring of evasion (left hand)
 z - an uncursed ring of protection from fire
 B - a +5 ring of slaying (right hand)
 C - an uncursed ring of flight
Wands
 D - a wand of confusion (19/48)
Scrolls
 d - 6 scrolls of teleportation {unknown}
 g - 2 scrolls of blinking {unknown}
 i - 9 scrolls of identify {unknown}
 k - 4 scrolls of remove curse {unknown}
 l - a scroll of fear {unknown}
 A - 3 scrolls of amnesia {unknown}
Potions
 e - 4 potions of might
 m - a potion of agility {unknown}
 q - 2 potions of curing {unknown}
 r - 3 potions of brilliance {unknown}
 u - a potion of berserk rage {unknown}
 w - 2 potions of heal wounds {unknown}
 x - 2 potions of lignification {unknown}
 E - 2 potions of flight {unknown}
 F - a potion of haste {unknown}
Comestibles
 f - 3 bread rations
 h - 2 meat rations
 t - 5 royal jellies
 I - 12 fruits


   Skills:
 + Level 7.3 Fighting
 + Level 10.2(10.4) Polearms
   Level 3.0(7.2) Staves
 - Level 1.7 Throwing
 * Level 6.3 Spellcasting
   Level 1.0 Translocations
 + Level 4.1 Earth Magic


You had 17 spell levels left.
You knew the following spells:

 Your Spells              Type           Power        Failure   Level  Hunger
a - Sandblast             Erth           ###...       2%          1    None
b - Stone Arrow           Conj/Erth      ##....       16%         3    ##.....


Dungeon Overview and Level Annotations

Branches:
Dungeon (8/15)             Temple (1/1) D:7
   Lair: D:8-11

Altars:
Ashenzari
Cheibriados
Dithmenos
Elyvilon
Fedhas
Gozag
Hepliaklqana
Kikubaaqudgha
Makhleb
Nemelex Xobeh
Okawaru
Qazlal
Ru
Sif Muna
Trog
Uskayaw
Vehumet
Xom
Yredelemnul
Zin
The Shining One

Annotations:
D:3 tirato's ghost, amateur DrTm


Innate Abilities, Weirdness & Mutations

You can breathe blasts of noxious fumes.
Your lurid green scales are hard. (AC +7)
You cannot fit into any form of body armour.
Your system is resistant to poisons. (rPois)
You are cold-blooded and may be slowed by cold attacks.


Message History

There is a stone staircase leading down here.
You feel very mighty all of a sudden. The two-headed hydra barely misses you.
The two-headed hydra bites you but does no damage.
You puncture the two-headed hydra!
You feel better.
The two-headed hydra is lightly wounded.
The two-headed hydra completely misses you.
The two-headed hydra bites you but does no damage.
You puncture the two-headed hydra!
The two-headed hydra is moderately wounded.
You barely miss the two-headed hydra.
The two-headed hydra is moderately wounded.
The two-headed hydra barely misses you. The two-headed hydra bites you!
* * * LOW HITPOINT WARNING * * *
You barely miss the two-headed hydra.
The two-headed hydra is moderately wounded.
The two-headed hydra barely misses you. The two-headed hydra bites you.
* * * LOW HITPOINT WARNING * * *
The two-headed hydra bites you.
You die...

#### ...# ##.# ##.#
####### ##.# #.....####
##.# #.###....#### ##.#
#.# #.......#
##.###.###.......##
)(.............D@.#
##(###.###........#
##.....# #........#
##.....###....#####
##............############
###....####..............#
# #....# #..............#
# #....# #..............#
# #....# #..............#


You could see a two-headed hydra.

Vanquished Creatures
  Pikel (D:5)
  Prince Ribbit (D:6)
  2 dream sheep (D:8)
  Sigmund (D:5)
  2 yaks (D:8)
  Edmund (D:6)
  A phantom (D:6)
  2 ice beasts
  A slave (D:5)
  2 ogres
  4 centaurs
  3 big kobolds (D:8)
  2 bullfrogs (D:6)
  A wyvern skeleton (D:7)
  A scorpion (D:5)
  3 wights (D:7)
  2 howler monkeys (D:7)
  3 crimson imps
  A jelly (D:5)
  A gnoll shaman (D:4)
  A hound (D:4)
  A quasit (D:7)
  An orc priest (D:6)
  Jessica (D:2)
  Ijyb (D:5)
  2 iguanas
  9 orc wizards
  3 worker ants
  2 hound skeletons
  A worker ant zombie (D:6)
  8 gnolls
  10 adders
  A shadow imp (D:6)
  2 oozes
  2 adder zombies
  An adder skeleton (D:5)
  A worm (D:2)
  3 dart slugs
  3 leopard geckos
  23 orcs
  5 giant cockroaches
  9 hobgoblins
  11 jackals
  9 kobolds
  5 quokkas
  2 ball pythons (D:1)
  11 bats
  5 frilled lizards
  8 goblins
  A leopard gecko skeleton (D:4)
  10 rats
  A plant (D:8)
188 creatures vanquished.

Vanquished Creatures (others)
  A worker ant (D:5)
1 creature vanquished.

Grand Total: 189 creatures vanquished

Notes
Turn   | Place    | Note
-------+----------+-------------------------------------------
     0 | D:1      | tirato the Draconian Wanderer began the quest for the Orb.
     0 | D:1      | tirato set off with: 3 curare-tipped needles, a +2 blowgun, a +0 spear, the Almanac of Clay, a bread ration
     0 | D:1      | Reached XP level 1. HP: 17/17 MP: 1/1
     0 | D:1      | Identified the Almanac of Clay
     7 | D:1      | Noticed a hound
     7 | D:1      | Noticed a black mamba
     7 | D:1      | Noticed a lindwurm
     7 | D:1      | Noticed a polar bear
   364 | D:1      | Reached XP level 2. HP: 20/25 MP: 2/2
   373 | D:1      | Learned a level 1 spell: Sandblast
   560 | D:1      | Reached skill level 1 in Spellcasting
   963 | D:1      | Reached XP level 3. HP: 30/31 MP: 2/4
   968 | D:1      | Learned a level 3 spell: Stone Arrow
  1424 | D:2      | Noticed Jessica
  1443 | D:2      | Killed Jessica
  1443 | D:2      | Reached skill level 1 in Polearms
  1443 | D:2      | Reached XP level 4. HP: 38/38 MP: 0/6
  1796 | D:2      | Found an iron altar of Okawaru.
  1798 | D:2      | Found a shadowy altar of Dithmenos.
  1798 | D:2      | Found a hazy altar of Hepliaklqana.
  1820 | D:2      | Found a shimmering altar of Xom.
  1820 | D:2      | Found an iron altar of Okawaru.
  1820 | D:2      | Found a burning altar of Makhleb.
  2123 | D:3      | Noticed an ogre
  2133 | D:3      | Killed an ogre
  2133 | D:3      | Reached skill level 2 in Polearms
  2133 | D:3      | Reached XP level 5. HP: 36/45 MP: 3/9
  2385 | D:3      | Noticed tirato's ghost (amateur DrTm)
  3608 | D:4      | Reached XP level 6. HP: 49/52 MP: 8/11
  4134 | D:4      | Reached skill level 3 in Polearms
  4633 | D:5      | Entered Level 5 of the Dungeon
  4727 | D:5      | Noticed Sigmund
  4744 | D:5      | Killed Sigmund
  4744 | D:5      | Reached skill level 4 in Polearms
  4744 | D:5      | Your scales start taking on a lurid green colour.
  4744 | D:5      | Reached XP level 7. HP: 29/60 MP: 13/13
  4744 | D:5      | Gained mutation: Your system is resistant to poisons. (rPois) [Green Draconian growth]
  4999 | D:5      | Found a radiant altar of Vehumet.
  5092 | D:5      | Noticed Ijyb
  5122 | D:5      | Killed Ijyb
  5209 | D:5      | Noticed Pikel
  5254 | D:5      | Killed Pikel
  5254 | D:5      | Reached skill level 5 in Fighting
  5254 | D:5      | Reached skill level 6 in Polearms
  5254 | D:5      | Reached XP level 8. HP: 41/68 MP: 13/15
  5683 | D:6      | Reached skill level 5 in Spellcasting
  5741 | D:6      | Reached skill level 7 in Polearms
  5809 | D:6      | Noticed Prince Ribbit
  6278 | D:6      | Noticed Edmund
  6296 | D:6      | Killed Edmund
  6608 | D:6      | Found an opulent altar of Gozag.
  6626 | D:6      | Reached XP level 9. HP: 71/75 MP: 17/17
  6833 | D:6      | Reached skill level 8 in Polearms
  7338 | D:6      | Found a burning altar of Makhleb.
  7523 | D:6      | Killed Prince Ribbit
  7812 | D:7      | Found a staircase to the Ecumenical Temple.
  7841 | Temple   | Entered the Ecumenical Temple
  8309 | Temple   | Became a worshipper of Cheibriados the Contemplative
  8429 | D:7      | Reached skill level 9 in Polearms
  9213 | D:7      | Found a white marble altar of Elyvilon.
  9378 | D:8      | Reached skill level 10 in Polearms
  9391 | D:8      | Reached * piety under Cheibriados
  9394 | D:8      | Reached XP level 10. HP: 42/86 MP: 19/19
  9428 | D:8      | Noticed a two-headed hydra
  9670 | D:6      | Slain by a two-headed hydra

Skill      XL: |  1  2  3  4  5  6  7  8  9 |
---------------+----------------------------+-----
Fighting       | 3 4 5 7 |  7.3
Spellcasting   | 1 3 4 5 6 |  6.3
Polearms       | 1 2 4 6 7 10 | 10.2
Earth Magic    | 3 4 |  4.1
Staves         | |  3.0
Throwing       | |  1.7
Translocations | |  1.0

Action                   |  1- 3 |  4- 6 |  7- 9 | 10-12 || total
-------------------------+-------+-------+-------+-------++-------
Melee: Spear             |    85 |   190 |   445 |    21 ||   741
       Tailslap          |     4 |    18 |    67 |     6 ||    95
 Cast: Sandblast         |    20 |    40 |     2 |       ||    62
       Stone Arrow       |     1 |     2 |       |       ||     3
  Use: Potion            |       |       |       |     1 ||     1
 Stab: Sleeping          |       |     1 |       |       ||     1
  Eat: Chunk             |     3 |     5 |     5 |       ||    13
       Meat ration       |       |     1 |       |       ||     1
       Bread ration      |       |     2 |     2 |       ||     4
       Royal jelly       |       |       |     1 |       ||     1
Armor: Skin              |    38 |    63 |    80 |     8 ||   189
Dodge: Dodged            |    77 |   155 |   224 |    19 ||   475
